 Dungeon Crawl Stone Soup version 0.31-a0-161-gb58dd9be76 (webtiles) character file.

Game seed: 2333969047326228947

21 mopl the Firebug (level 2, -7/21 HPs)
             Began as an Octopode Cinder Acolyte on June 12, 2023.
             Mangled by a fire elemental (13 damage)
             ... created by the fiery vengeance of Ignis
             ... on level 1 of the Dungeon.
             The game lasted 00:00:46 (317 turns).

mopl the Firebug (Octopode Cinder Acolyte)           Turns: 317, Time: 00:00:48

Health: -7/21      AC:  1    Str: 13    XL:     2   Next: 83%
Magic:  1/4        EV: 12    Int: 16    God:
Gold:   9          SH:  0    Dex:  7    Spells: 2/4 levels left

rFire   . . .        a - -1 falchion (flame)
rCold   . . .        (no shield)
rNeg    . . .        (helmet restricted)
rPois   .            (no amulet)
rElec   .            (no ring)
rCorr   .            (no ring)
SInv    .            (no ring)
Will    .....        (no ring)
Stlth   ++           (no ring)
HPRegen 0.23/turn    (no ring)
MPRegen 0.09/turn    (no ring)
                     (no ring)

%: no passive effects
@: fire susceptible
A: almost no armour, amphibious, 8 rings, camouflage 1, gelatinous body 1,
(nimble swimmer 1), tentacles
a: no special abilities


You were on level 1 of the Dungeon.
You visited 1 branch of the dungeon, and saw 2 of its levels.

You collected 9 gold pieces.

Inventory:

Hand Weapons
 a - a -1 falchion of flaming (weapon)
Scrolls
 e - a scroll of identify {unknown}
Potions
 b - a potion of degeneration {unknown}
 c - a potion of cancellation {unknown}
 d - a potion of mutation {unknown}


   Skills:
 - Level 3.0 Fighting
 - Level 3.0 Long Blades
 + Level 1.8 Spellcasting
 + Level 3.5 Fire Magic


You had 2 spell levels left.
You knew the following spells:

 Your Spells              Type           Power      Damage    Failure   Level
b - Scorch                Fire           24%        2d6       8%          2

Your spell library contained the following spells:

 Spells                   Type           Power      Damage    Failure   Level


Dungeon Overview and Level Annotations

Branches:
Dungeon (2/15)

Altars:


Innate Abilities, Weirdness & Mutations

You cannot wear most types of armour.
You are amphibious.
You can wear up to eight rings at the same time.
Your skin changes colour to match your surroundings (Stealth+).
Your rubbery body absorbs attacks. (AC +1, EV +1)
((You are camouflaged when in or above water. (Stealth+)))
You have tentacles for arms and can constrict up to eight enemies at once.


Message History

You don't have enough magic to cast this spell.
A hobgoblin is nearby!
A hobgoblin is nearby!
You hit the hobgoblin. You burn the hobgoblin.
You kill the hobgoblin!
No target in view!
No target in view!
e - a scroll labelled URHEUH IGYBU A goblin comes into view.
It is wielding a +0 club.
A goblin is nearby!
Flames lash the goblin.
The goblin shouts!
The goblin is severely wounded.
The goblin's fire resistance burns away.
You barely miss the goblin. Your grab misses the goblin.
The goblin is severely wounded.
The goblin hits you with a +0 club.
You barely miss the goblin. Your grab misses the goblin.
The goblin is severely wounded.
The goblin misses you.
You slash the goblin! You burn the goblin.
You kill the goblin!
No target in view!
An endoplasm comes into view.
Found 10 gold pieces.
The endoplasm quivers.
An endoplasm is nearby!
Flames lash the endoplasm.
You kill the endoplasm!
Ignis calls forth spirits of fire to unmake you! 3 fire elementals come into view.
You barely miss the fire elemental.
You hit the fire elemental but do no damage.
The fire elemental hits you. The fire elemental burns you!
Ouch! That really hurt!
The fire elemental hits you.
* * * LOW HITPOINT WARNING * * *
The fire elemental burns you!
Ouch! That really hurt!
You die...

#.#####.# ### #.#
#..
##.####.#####..
#........).#...
##.####.##.....
#####.####........
#E........#######.
#E###.#.........#.
#@# #.#.#.#####.#+
#E# #.#.#.# #...
#.# #.. ... ##...
#.# ### #.#.##....
#.# ..#.#..... ...
.......... #..
....... ### #....
##...


You could see 3 fire elementals.

Vanquished Creatures
  2 dart slugs (D:1)
  2 endoplasms
  A giant cockroach (D:1)
  2 goblins (D:1)
  3 hobgoblins
  A kobold (D:2)
  2 ball pythons (D:1)
  A frilled lizard (D:2)
  A rat (D:2)
15 creatures vanquished.

Notes
Turn   | Place    | Note
-------+----------+-------------------------------------------
     0 | D:1      | mopl the Octopode Cinder Acolyte began the quest for the
                  | Orb.
     0 | D:1      | Reached XP level 1. HP: 16/16 MP: 2/2
     0 | D:1      | Fell from the grace of Ignis
    46 | D:1      | You fall into a shaft and drop 1 floor!
    57 | D:2      | Reached XP level 2. HP: 16/21 MP: 4/4
    62 | D:2      | Learned a level 2 spell: Scorch
   316 | D:1      | Noticed a fire elemental
   316 | D:1      | Noticed a fire elemental
   316 | D:1      | Noticed a fire elemental
   317 | D:1      | Mangled by a fire elemental

Illustrated notes

Levels and vault maps discovered:
D:1:      dpeg_arrival_rooms_b, layout_loops_corners, st_stairs_14
D:2:      layout_basic, grunt_decor_arrowhead, roderic_serpentine_path

Action                     || total
---------------------------++-------
  Melee: Falchion          ||    25
         Constrict         ||     4
         Tentacles         ||     3
   Cast: Scorch            ||     7
 Invoke: Renounce Religion ||     1
   Stab: Sleeping          ||     2
 Armour: Skin              ||     1
  Dodge: Dodged            ||    18

Table legend: (Time is in decaauts)
 A = Elapsed time spent in this place.
 B = Non-inter-level travel time spent in this place.
 C = Inter-level travel time spent in this place.
 D = Time resting spent in this place.
 E = Time spent auto-exploring this place.
 F = Levels seen in this place.
 G = Mean time per level.
                   A        B        C        D        E       F      G
               +--------+--------+--------+--------+--------+-----+--------+
         Total |    320 |    320 |      0 |      0 |    219 |   2 |  160.0 |
       Dungeon |    320 |    320 |      0 |      0 |    219 |   2 |  160.0 |
               +--------+--------+--------+--------+--------+-----+--------+

Top non-repeatable levels by time:
     D:2: 178 daAuts
     D:1: 142 daAuts
